 Dungeon Crawl Stone Soup version 0.25-a0-834-g55863b0b92 (webtiles) character file.

Game seed: 16656506583901005975, levelgen mode: deterministic

262 Error4North the Chopper (level 6, -12/53 HPs)
             Began as a Hill Orc Fighter on Apr 22, 2020.
             Mangled by an ogre
             ... wielding a +0 giant spiked club
              (20 damage)
             ... on level 4 of the Dungeon.
             The game lasted 00:09:02 (2869 turns).

Error4North the Chopper (Hill Orc Fighter)          Turns: 2869, Time: 00:09:02

Health: -12/53     AC:  9    Str: 21    XL:     6   Next: 18%
Magic:  6/6        EV:  7    Int:  8    God:
Gold:   104        SH:  9    Dex: 10    Spells: 5/5 levels left

rFire    . . .     SeeInvis .   a - +1 war axe
rCold    . . .     Gourm    .   c - +0 kite shield
rNeg     . . .     Faith    .   b - +0 scale mail
rPois    .         Spirit   .   t - +0 helmet
rElec    .         Reflect  .   (no cloak)
rCorr    .         Harm     .   p - +0 pair of gloves
MR       .....                  (no boots)
Stlth    ..........             (no amulet)
HPRegen  0.17/turn              (no ring)
MPRegen  0.10/turn              (no ring)

@: no status effects
A: no striking features
a: no special abilities


You were on level 4 of the Dungeon.
You were not hungry.

You visited 1 branch of the dungeon, and saw 4 of its levels.

You collected 104 gold pieces.

Inventory:

Hand Weapons
 a - a +1 war axe (weapon)
Armour
 b - a +0 scale mail (worn)
 c - a +0 kite shield (worn)
 p - a +0 pair of gloves (worn)
 t - a +0 helmet (worn)
Jewellery
 j - a +2 ring of protection {unknown}
Wands
 m - a wand of digging (1)
Scrolls
 e - 2 scrolls of identify {unknown}
 h - 2 scrolls of random uselessness {unknown}
 i - a scroll of amnesia {unknown}
 o - a scroll of teleportation {unknown}
 r - 2 scrolls of magic mapping {unknown}
 u - a scroll of remove curse {unknown}
 v - a scroll of fog {unknown}
Potions
 d - a potion of might
 g - a potion of magic
 n - a potion of curing {unknown}
 s - 4 potions of stabbing {unknown}
Comestibles
 f - 4 rations


   Skills:
 * Level 4.5 Fighting
 + Level 5.2 Axes
 * Level 5.0 Armour
 + Level 0.2 Dodging
 * Level 4.3 Shields


You had 5 spell levels left.
You didn't know any spells.
Your spell library was empty.

Dungeon Overview and Level Annotations

Branches:
Dungeon (4/15)
 Temple: D:4-7

Altars:
Cheibriados
Dithmenos
Fedhas
Nemelex Xobeh

Annotations:
D:2 2 transporters, exclusion: oklob plant


Message History

An orc comes into view. It is wielding a +0 war axe.
An orc comes into view. It is wielding a +0 dagger.
The orc shouts!
You hear a shout! x2
The ogre hits you with a +0 giant spiked club!
An orc comes into view. It is wielding a +0 dagger.
An orc wizard comes into view. It is wielding a +0 dagger.
Found a scroll labeled VEJYLU XEUCUYL and a scroll labeled KIAREADYSA.
You see here a scroll labeled XUBIADDUSS.
Your shield and scale mail prevent you from hitting the ogre.
The ogre hits you with a +0 giant spiked club!!
You slash the ogre!
The ogre is moderately wounded.
You miss the frilled lizard. You block the frilled lizard's attack.
The ogre hits you with a +0 giant spiked club!
* * * LOW HITPOINT WARNING * * *
The frilled lizard bites you but does no damage.
The orc closely misses you.
It was a potion of cancellation.
You feel magically purged.
The ogre hits you with a +0 giant spiked club!!
You die...

?.........#
..........#
..........#
.......?oo#
........oo#
#########o#
#l# #O#
#.... #@#
#...# #.#
#...# #.#
#...# #.#
#...# #.#
#.#.#
#.####.#.#
#.......>#
..######.###
#.# #.#.#


You could see an ogre, an orc wizard, 4 orcs and a frilled lizard.

Vanquished Creatures
  A howler monkey (D:4)
  Jessica (D:3)
  Robin (D:3)
  4 gnolls (D:3)
  4 adders (D:2)
  3 oozes
  2 worms (D:2)
  3 orcs
  A ball python (D:2)
  4 giant cockroaches
  17 goblins
  10 hobgoblins
  6 jackals (D:3)
  8 kobolds
  A quokka (D:2)
  10 bats
  7 frilled lizards
  11 rats
94 creatures vanquished.

Notes
Turn   | Place    | Note
-------+----------+-------------------------------------------
     0 | D:1      | Error4North the Hill Orc Fighter began the quest for the
                  | Orb.
     0 | D:1      | Reached XP level 1. HP: 19/19 MP: 1/1
   101 | D:1      | Reached XP level 2. HP: 24/26 MP: 2/2
   652 | D:1      | Reached XP level 3. HP: 33/33 MP: 3/3
  1020 | D:2      | Reached XP level 4. HP: 27/40 MP: 4/4
  1285 | D:2      | Found a transporter.
  1290 | D:2      | Found a transporter.
  1309 | D:2      | Found a sparkling altar of Nemelex Xobeh.
  1309 | D:2      | Found a snail-covered altar of Cheibriados.
  1310 | D:2      | Found a shadowy altar of Dithmenos.
  1651 | D:2      | Found a blossoming altar of Fedhas.
  1669 | D:2      | Noticed an oklob plant
  1752 | D:3      | Noticed Jessica
  1755 | D:3      | Killed Jessica
  1755 | D:3      | Reached XP level 5. HP: 46/46 MP: 5/5
  1802 | D:3      | Noticed Robin
  1823 | D:3      | Killed Robin
  2329 | D:3      | Reached skill level 5 in Axes
  2389 | D:3      | Reached XP level 6. HP: 13/53 MP: 6/6
  2816 | D:4      | Reached skill level 5 in Armour
  2869 | D:4      | Mangled by an ogre

Levels and vault maps discovered:
D:1:      lightli_arrival_flooded_house, layout_basic, minmay_ruptured
D:2:      minmay_angry_zag, layout_basic, gammafunk_temple_overflow_arena,
          first_ration, tgw_fedhas
D:3:      layout_basic, nicolae_overflow_hidden_temple, serial_corexii_hall,
          corexii_hall_statues_u, chequers_hall_statues_wall_a, uniq_jessica,
          uniq_robin
D:4:      layout_basic, xom_butterflies

Skill      XL: |  1  2  3  4  5  6 |
---------------+-------------------+-----
Armour         | 4 5 |  5.0
Fighting       | 4 |  4.5
Axes           | 3 4 5 |  5.2
Shields        | 4 |  4.3
Dodging        | |  0.2

Action                   |  1- 3 |  4- 6 || total
-------------------------+-------+-------++-------
Melee: War axe           |   101 |   158 ||   259
  Use: Potion            |       |     6 ||     6
       Scroll            |       |     1 ||     1
  Eat: Chunk             |     1 |     6 ||     7
Armor: Scale mail        |    67 |   115 ||   182
       Skin              |       |     6 ||     6
Dodge: Dodged            |    35 |    67 ||   102
Block: Kite shield       |    60 |    99 ||   159

Table legend:
 A = Non-vault XP
 B = Vault XP
 C = Vault XP percentage of total XP
 D = Non-vault monster count
 E = Vault monster count
 F = Vault count percentage of total count
                 A         B        C        D         E       F
            +---------+---------+-------+---------+---------+-------
      Total |     293 |      82 |  21.9 |      76 |      18 |  19.1
            +---------+---------+-------+---------+---------+-------
        D:1 |      37 |       0 |   0.0 |      21 |       0 |   0.0
        D:2 |     109 |       6 |   5.2 |      30 |       4 |  11.8
        D:3 |      91 |      76 |  45.5 |      22 |      14 |  38.9
        D:4 |      56 |       0 |   0.0 |       3 |       0 |   0.0
            +---------+---------+-------+---------+---------+-------
